 Dungeon Crawl Stone Soup version 0.28-a0-1212-gc6b4282 (webtiles) character file.

Game seed: 582212373206888230

6387 WhiteRiverKid the Cleaver (level 10, -3/64 HPs)
             Began as a Gargoyle Berserker on Dec 20, 2021.
             Was an Elder of Trog.
             Slain by a boulder beetle (14 damage)
             ... on level 9 of the Dungeon on Dec 21, 2021.
             The game lasted 01:06:32 (12857 turns).

WhiteRiverKid the Cleaver (Gargoyle Berserker)     Turns: 12857, Time: 01:06:32

Health: -3/64      AC: 23    Str: 25    XL:     10   Next: 97%
Magic:  0/10       EV: 10    Int:  8    God:    Trog [****..]
Gold:   545        SH:  0    Dex:  9    Spells: 9/9 levels left

rFire   + . .      SeeInvis .   k - +2 hand axe (vorpal)
rCold   + . .      Faith    .   (no shield)
rNeg    + . .      Spirit   +   H - +3 chain mail {rF+}
rPois   ∞          Reflect  .   (no helmet)
rElec   +          Harm     .   (no cloak)
rCorr   .          Rampage  .   J - +0 pair of gloves
Will    .....                   s - +0 pair of boots
Stlth   ..........              f - amulet of guardian spirit
HPRegen 0.20/turn               v - ring of protection from fire
MPRegen 0.12/turn               D - ring of ice

@: on berserk cooldown
A: sickness immunity, AC +7, negative energy resistance 1, electricity
resistance, torment resistance 1, petrification resistance
a: Renounce Religion, Berserk, Trog's Hand, Brothers in Arms


You were on level 9 of the Dungeon.
You worshipped Trog.
Trog was greatly pleased with you.
You visited 2 branches of the dungeon, and saw 11 of its levels.
You also visited: Sewer.

You collected 545 gold pieces.

Inventory:

Hand Weapons
 a - a +0 mace
 k - a +2 vorpal hand axe (weapon)
Armour
 b - a +0 animal skin
 s - a +0 pair of boots (worn)
 y - the +3 ring mail of Taneng {rF- rN+ Str+3}
   (You found it on level 5 of the Dungeon)

   Str:       It affects your strength (+3).
   rF:        It makes you vulnerable to fire.
   rN:        It protects you from negative energy.
 H - a +3 chain mail of fire resistance (worn)
 J - a +0 pair of gloves (worn)
Jewellery
 f - an amulet of guardian spirit (around neck)
 v - a ring of protection from fire (left hand)
 D - a ring of ice (right hand)
 M - a +6 ring of intelligence
Wands
 n - a wand of flame (23)
 L - a wand of iceblast (7)
Scrolls
 d - 3 scrolls of holy word {unknown}
 e - 2 scrolls of brand weapon {unknown}
 h - 5 scrolls of blinking {unknown}
 i - a scroll of torment {unknown}
 l - 4 scrolls of fear {unknown}
 o - a scroll of enchant armour {unknown}
 p - a scroll of vulnerability {unknown}
 r - a scroll of amnesia {unknown}
 u - 7 scrolls of identify {unknown}
 w - 2 scrolls of silence {unknown}
 x - 3 scrolls of enchant weapon {unknown}
 z - a scroll of noise {unknown}
 A - 6 scrolls of fog {unknown}
 C - 3 scrolls of summoning {unknown}
 E - a scroll of teleportation {unknown}
Potions
 c - 2 potions of brilliance {unknown}
 g - a potion of berserk rage {unknown}
 j - 4 potions of curing {unknown}
 m - 3 potions of mutation {unknown}
 q - a potion of ambrosia {unknown}
 B - 5 potions of flight
 F - a potion of might {unknown}
 I - a potion of heal wounds {unknown}
 K - a potion of magic {unknown}


   Skills:
 + Level 8.2 Fighting
 + Level 9.9(10.2) Axes
 + Level 4.0(8.0) Maces & Flails
 + Level 7.5 Armour
 + Level 5.7 Dodging
 + Level 3.0 Stealth


You had 9 spell levels left.
You didn't know any spells.
Your spell library was empty.

Dungeon Overview and Level Annotations

Branches:
Dungeon (10/15)            Temple (1/1) D:4           Sewer (visited)
   Lair: D:8-11         Orc: D:9-12

Altars:
Ashenzari
Cheibriados
Dithmenos
Elyvilon
Fedhas
Gozag
Hepliaklqana
Kikubaaqudgha
Makhleb
Nemelex Xobeh
Okawaru
Qazlal
Ru
Sif Muna
Trog
Vehumet
Wu Jian
Xom
Zin
The Shining One

Shops:
D:4 *   D:5 (   D:7 (

Annotations:
D:10 Nergalle


Innate Abilities, Weirdness & Mutations

You are immune to sickness and miasma.
Your stone body is resilient. (AC +7)
You are immune to poison.
You resist negative energy. (rN+)
You are resistant to electric shocks. (rElec)
You are resistant to unholy torment.
You are immune to petrification.


Message History

You feel yourself slow down.
The boulder beetle curls into a ball and begins rolling!
The boulder beetle hits you but does no damage.
The boulder beetle stops rolling and uncurls.
You hit the boulder beetle but do no damage.
The boulder beetle is almost dead.
The boulder beetle bites you!
You hit the boulder beetle but do no damage.
The boulder beetle is almost dead.
The boulder beetle completely misses you.
The boulder beetle closely misses you.
You hit the boulder beetle but do no damage.
The boulder beetle is almost dead.
The boulder beetle bites you but does no damage.
You barely miss the boulder beetle.
The boulder beetle is severely wounded.
The boulder beetle bites you but does no damage.
You barely miss the boulder beetle.
The boulder beetle is severely wounded.
The boulder beetle leaps!
The boulder beetle closely misses you.
The boulder beetle leaps!
No target in view!
No target in view!
The boulder beetle leaps!
The boulder beetle curls into a ball and begins rolling!
The boulder beetle hits you!!
The boulder beetle stops rolling and uncurls.
The boulder beetle leaps!
You are too injured to fight recklessly!
You are too injured to fight recklessly!
The boulder beetle leaps!
You start resting.
A boulder beetle is nearby!
You feel yourself speed up.
The boulder beetle curls into a ball and begins rolling!
The boulder beetle hits you!!
* * * LOW HITPOINT WARNING * * *
The boulder beetle stops rolling and uncurls.
The boulder beetle bites you!
You die...

.############.# #...#
............).# ##°.#
.#################B.#
.# #.............#..#
.# #...(########.##.##
.# #....#......#.##..#
.# #....#.####)#.###○##
.###....#.#..#.#.###..#
###..........#.#@B°..>#
#^...)######.########
#............#
#..........###
###.##.......#
.............#
###....####### #....#
#....#


You could see a boulder beetle.

Vanquished Creatures
  Harold (D:7)
  Pikel (D:5)
  Maurice (D:9)
  Maggie (D:6)
  A troll (D:9)
  A hornet (D:8)
  Grinder (D:5)
  A wraith (D:9)
  A wyvern (D:9)
  Grum (D:9)
  Menkaure (D:5)
  2 acid dragons
  A sky beast (D:7)
  A black bear (D:6)
  2 wolves (D:9)
  3 necrophages
  6 centaurs
  4 ogres
  4 lemures (D:5)
  3 phantoms (D:5)
  2 bullfrogs
  A gnoll sergeant (D:8)
  4 scorpions
  A water moccasin skeleton (D:5)
  A jelly (D:5)
  3 bullfrog zombies
  A centaur zombie (D:9)
  3 orc priests
  2 hounds
  2 centaur skeletons (D:7)
  3 bullfrog skeletons
  2 gnoll shamans
  Ijyb (D:4)
  Terence (D:3)
  6 orc wizards
  A scorpion zombie (D:5)
  A hound zombie (D:5)
  A hound skeleton (D:5)
  Robin (D:4)
  3 howler monkey skeletons
  18 gnolls
  8 adders
  2 white imps
  An ufetubus (D:5)
  4 worms
  2 dart slugs
  20 orcs
  5 ball pythons
  6 endoplasms
  5 giant cockroaches
  21 goblins
  8 hobgoblins
  7 jackals
  10 kobolds
  4 quokkas
  16 bats
  8 frilled lizards
  2 rats
224 creatures vanquished.

Notes
Turn   | Place    | Note
-------+----------+-------------------------------------------
     0 | D:1      | WhiteRiverKid the Gargoyle Berserker began the quest for
                  | the Orb.
     0 | D:1      | Reached XP level 1. HP: 14/14 MP: 1/1
   302 | D:1      | Found a faded altar of an unknown god.
   320 | D:1      | Reached XP level 2. HP: 16/19 MP: 2/2
  1088 | D:2      | Reached XP level 3. HP: 24/24 MP: 3/3
  1862 | D:3      | Reached ** piety under Trog
  1863 | D:3      | Reached XP level 4. HP: 22/29 MP: 4/4
  2507 | D:3      | Noticed Terence
  2511 | D:3      | Killed Terence
  2734 | D:3      | Reached skill level 1 in Axes
  2842 | D:3      | Reached XP level 5. HP: 32/34 MP: 5/5
  3104 | D:4      | Noticed Robin
  3116 | D:4      | Killed Robin
  3320 | D:4      | Found Qofe's Neck Hole.
  3366 | D:4      | Reached skill level 2 in Axes
  3468 | D:4      | Found a staircase to the Ecumenical Temple.
  3531 | D:4      | Noticed Ijyb
  3538 | D:4      | Paralysed by Ijyb for 2 turns
  3544 | D:4      | Killed Ijyb
  3545 | D:4      | Reached skill level 1 in Stealth
  3850 | D:4      | Reached XP level 6. HP: 38/39 MP: 6/6
  3862 | D:4      | Reached skill level 3 in Axes
  4335 | D:4      | Noticed a necrophage
  4478 | D:5      | Entered Level 5 of the Dungeon
  4500 | D:5      | Reached skill level 5 in Fighting
  4597 | D:5      | Found Owayth Xome's Weapon Boutique.
  4672 | D:5      | Reached XP level 7. HP: 44/44 MP: 7/7
  4823 | D:5      | Found an ornate altar of the Wu Jian Council.
  4841 | D:5      | Identified the +3 ring mail of Taneng {rF- rN+ Str+3}
  4897 | D:5      | Reached skill level 4 in Axes
  5251 | D:5      | Noticed Pikel
  5268 | D:5      | Killed Pikel
  5269 | D:5      | Reached skill level 5 in Axes
  5269 | D:5      | Reached XP level 8. HP: 20/51 MP: 3/8
  5789 | Temple   | Entered the Ecumenical Temple
  5912 | D:5      | Found a shadowy altar of Dithmenos.
  5961 | D:5      | Reached skill level 6 in Axes
  6265 | D:5      | Noticed Menkaure
  6277 | D:5      | Killed Menkaure
  6278 | D:5      | Reached XP level 9. HP: 55/55 MP: 9/9
  6466 | D:5      | Reached *** piety under Trog
  6538 | D:5      | Found an iron altar of Okawaru.
  6697 | D:5      | Found a snail-covered altar of Cheibriados.
  6700 | D:5      | Found a sacrificial altar of Ru.
  6705 | D:5      | Found a broken altar of Ashenzari.
  6827 | D:6      | Reached skill level 7 in Axes
  6854 | D:6      | Reached skill level 5 in Armour
  6927 | D:6      | Found a glowing drain.
  6941 | Sewer    | Entered a sewer
  7381 | D:6      | Found a shimmering blue altar of Sif Muna.
  7390 | D:6      | Noticed Grinder
  7411 | D:5      | Killed Grinder
  7701 | D:6      | Noticed Maggie
  7712 | D:6      | Killed Maggie
  7713 | D:6      | Reached skill level 5 in Dodging
  8159 | D:7      | Found Gahaugod's Weapon Shoppe.
  8358 | D:7      | Reached **** piety under Trog
  8359 | D:7      | Reached skill level 8 in Axes
  8445 | D:7      | Found a shimmering altar of Xom.
  8449 | D:7      | Found a glowing golden altar of the Shining One.
  8468 | D:7      | Reached XP level 10. HP: 63/63 MP: 10/10
  8722 | D:7      | Found a glowing silver altar of Zin.
  9449 | D:7      | Noticed Harold
  9470 | D:7      | Killed Harold
 10165 | D:8      | Reached skill level 9 in Axes
 10906 | D:9      | Upgraded the game from 0.28-a0-1206-g193881a to
                  | 0.28-a0-1212-gc6b4282
 10994 | D:9      | Noticed Grum
 11009 | D:9      | Killed Grum
 11042 | D:10     | Entered Level 10 of the Dungeon
 11042 | D:10     | Noticed Nergalle
 11492 | D:10     | Noticed a boulder beetle
 11819 | D:9      | Noticed Maurice
 11880 | D:9      | Paralysed by something for 7 turns
 11899 | D:9      | Paralysed by something for 7 turns
 11935 | D:9      | Killed Maurice
 12857 | D:9      | Slain by a boulder beetle

Illustrated notes

Levels and vault maps discovered:
D:1:      dpeg_arrival_connections, layout_rooms,
          hellmonk_ecumenical_altar_run_dry, skrybe_limestone_x,
          minmay_misc_feat_pillars
D:2:      layout_loops_cross
D:3:      layout_loops_corners, kennysheep_generic_room_16, uniq_terence
D:4:      layout_basic, nicolae_shop_sticking_my_neck_out, uniq_robin, uniq_ijyb
D:5:      kennysheep_six_static_rooms, layout_basic, okawaru_metal_pillars_1_2,
          nzn_wu_jian_contemplation, grunt_temple_overflow_diamond,
          grunt_dithmenos_shadows, serial_shops, nicolae_shop_window_shopping,
          uniq_menkaure, uniq_pikel
D:6:      layout_loops_ring, mainiacjoe_overflow_alcove_1, portal_sewer_entry_d,
          minmay_stone_trees_small, minmay_ogre_servants, uniq_grinder,
          uniq_maggie
D:7:      layout_basic, zin_academy, chequers_temple_overflow_statue_of_worship,
          serial_shops, nicolae_stop_n_shop_2, hellmonk_bongcloud_opening,
          minmay_unpleasant_kobolds, uniq_harold
D:8:      layout_basic
D:9:      layout_basic, uniq_maurice, uniq_grum
D:10:     layout_roguey, mainiacjoe_overflow_alcove_2,
          mainiacjoe_overflow_tiny_flanked, uniq_nergalle
Temple:   eino_wide_crystal_templ

Skill      XL: |  1  2  3  4  5  6  7  8  9 10 |
---------------+-------------------------------+-----
Fighting       | 4 5 6 7 8 |  8.2
Maces & Flails | 4 |  4.0
Dodging        | 2 3 4 5 |  5.7
Axes           | 1 2 3 5 6 8 9 |  9.9
Stealth        | 1 2 3 |  3.0
Armour         | 3 4 6 7 |  7.5

Action                   |  1- 3 |  4- 6 |  7- 9 | 10-12 || total
-------------------------+-------+-------+-------+-------++-------
Melee: Mace              |    61 |       |       |       ||    61
       Hand axe          |    32 |   153 |   306 |   305 ||   796
Invok: Berserk           |       |     5 |     7 |     6 ||    18
Armor: Animal skin       |    33 |    44 |     4 |       ||    81
       Ring mail         |       |       |   169 |    46 ||   215
       Chain mail        |       |       |       |   131 ||   131
Dodge: Dodged            |    58 |    86 |   174 |   169 ||   487

Table legend: (Time is in decaauts)
 A = Elapsed time spent in this place.
 B = Non-inter-level travel time spent in this place.
 C = Inter-level travel time spent in this place.
 D = Time resting spent in this place.
 E = Time spent auto-exploring this place.
 F = Levels seen in this place.
 G = Mean time per level.
                   A        B        C        D        E       F      G
               +--------+--------+--------+--------+--------+-----+--------+
         Total |  13139 |  12742 |    397 |   3789 |   5730 |  12 | 1094.9 |
       Dungeon |  12504 |  12130 |    374 |   3789 |   5455 |  10 | 1250.4 |
        Temple |     72 |     50 |     22 |      0 |     44 |   1 |   72.0 |
         Sewer |    562 |    562 |      0 |      0 |    231 |   1 |  562.0 |
               +--------+--------+--------+--------+--------+-----+--------+

Top non-repeatable levels by time:
     D:5: 2181 daAuts
     D:9: 2006 daAuts
     D:7: 1766 daAuts
     D:3: 1571 daAuts
     D:4: 1526 daAuts
     D:1: 912 daAuts
     D:6: 910 daAuts
     D:8: 897 daAuts
     D:2: 708 daAuts
   Sewer: 562 daAuts
  Temple: 72 daAuts
    D:10: 24 daAuts
